 Dungeon Crawl Stone Soup version 0.30.1-4-g462c640d31 (webtiles) character file.

Game seed: 546663941452288264

88 spardeous the Conjurer (level 4, -3/33 HPs)
             Began as a Demigod Conjurer on Sept 1, 2023.
             Killed by nerve-wracking pain
             ... invoked by Grinder
              (11 damage)
             ... on level 3 of the Dungeon.
             The game lasted 00:01:21 (3707 turns).

spardeous the Conjurer (Demigod Conjurer)           Turns: 3707, Time: 00:01:22

Health: -3/33      AC:  4    Str:  8    XL:     4   Next: 8%
Magic:  1/11       EV: 12    Int: 24    God:
Gold:   129        SH:  0    Dex: 12    Spells: 6/9 levels left

rFire   . . .        m - +1 dagger (speed)
rCold   . . .        (no shield)
rNeg    . . .        a - +0 robe
rPois   .            (no helmet)
rElec   .            i - +0 cloak
rCorr   .            k - +0 pair of gloves
SInv    .            (no boots)
Will    .....        (no amulet)
Stlth   ++           (no ring)
HPRegen 0.25/turn    (no ring)
MPRegen 0.12/turn

%: no passive effects
@: no status effects
A: high MP 1, forlorn, divine attributes
a: no special abilities


You were on level 3 of the Dungeon.
You visited 1 branch of the dungeon, and saw 3 of its levels.

You collected 129 gold pieces.

Inventory:

Hand Weapons
 c - a +0 dagger
 m - a +1 dagger of speed (weapon)
Armour
 a - a +0 robe (worn)
 i - a +0 cloak (worn)
 k - a +0 pair of gloves (worn)
Scrolls
 d - 2 scrolls of teleportation {unknown}
 e - 2 scrolls of poison {unknown}
 f - a scroll of immolation {unknown}
 j - a scroll of blinking {unknown}
 l - a scroll of fog {unknown}
 n - a scroll of identify {unknown}
Potions
 b - a potion of magic
 g - 2 potions of invisibility {unknown}
 h - a potion of lignification {unknown}


   Skills:
 - Level 1.7 Dodging
 - Level 1.7 Stealth
 + Level 3.0 Spellcasting
 + Level 4.5 Conjurations


You had 6 spell levels left.
You knew the following spells:

 Your Spells              Type           Power      Damage    Failure   Level
a - Magic Dart            Conj           100%       1d8       1%          1
b - Searing Ray           Conj           50%        2d6       2%          2

Your spell library contained the following spells:

 Spells                   Type           Power      Damage    Failure   Level
 Dazzling Flash           Conj/Hex       28%        N/A       13%         3
 Fulminant Prism          Conj/Hex       7%         3d7       38%         4
 Iskenderun's Mystic Bla  Conj/Tloc      14%        2d5       38%         4


Dungeon Overview and Level Annotations

Branches:
Dungeon (3/15)

Annotations:
D:3 Grinder


Innate Abilities, Weirdness & Mutations

You have an increased reservoir of magic. (+10% MP)
You shall have no god before yourself.
Your divine heritage dramatically boosts your attributes as you level up.


Message History

Pain shoots through your body!
You can move again.
You take 5 damage, and have 28/33 hp.
You now have 7/11 mp.
Casting: Magic Dart (safe; 1% risk of failure)
Confirm with . or Enter, or press ? or * to list all spells.
Aiming: Searing Ray (safe; 2% risk of failure)
Press: ? - help, Shift-Dir - straight line, f/p - Grinder
Aim: Grinder (moderately wounded, 77% to hit)
The searing ray hits Grinder.
Grinder is moderately wounded. (Press . to maintain the ray.)
Your magical contamination has completely faded away.
You now have 5/11 mp.
The searing ray hits Grinder!
Grinder is heavily wounded.
Grinder says, "Are you a fish?" Grinder hits you.
You writhe in agony.
You take 6 damage, and have 22/33 hp.
You now have 4/11 mp.
The searing ray misses Grinder.
Grinder hits you!
You writhe in agony.
* * * LOW HITPOINT WARNING * * *
You take 9 damage, and have 13/33 hp.
MASSIVE DAMAGE!!
The searing ray hits Grinder!
Grinder is almost dead.
You finish channelling your searing ray.
Grinder hits you.
* * * LOW HITPOINT WARNING * * *
You writhe in agony.
* * * LOW HITPOINT WARNING * * *
You take 5 damage, and have 8/33 hp.
You now have 3/11 mp.
Casting: Searing Ray (safe; 2% risk of failure)
Confirm with . or Enter, or press ? or * to list all spells.
Aiming: Searing Ray (safe; 2% risk of failure)
Press: ? - help, Shift-Dir - straight line, f/p - Grinder
Aim: Grinder (almost dead, 77% to hit)
The searing ray hits Grinder.
Grinder is almost dead. (Press . to maintain the ray.) Grinder gestures at you.
Pain shoots through your body!
You die...

#...#.#<##.#
...........# .#
#..........## .#
............# .# #
##......#.#.# #.##.##
#......#...# .......
##..##......### .......
........###...###.....#
##..##### #.#...@5...?#
##..##### #.#####.....#
###.....# #.# .>...# #
#.###.# #.# .....#
###.###.# #.# .b.[..#
.......<###.# ......#
###.........#####......#
................####....
#######.#######.#


You could see Grinder and a bat (asleep).

Vanquished Creatures
  4 adders
  2 worms
  2 dart slugs (D:1)
  2 endoplasms (D:2)
  3 giant cockroaches
  2 hobgoblins
  3 jackals
  2 quokkas
  2 ball pythons
  2 bats
  5 frilled lizards
  8 goblins
  3 kobolds
  4 rats
44 creatures vanquished.

Notes
Turn   | Place    | Note
-------+----------+-------------------------------------------
     0 | D:1      | spardeous the Demigod Conjurer began the quest for the Orb.
     0 | D:1      | Reached XP level 1. HP: 14/14 MP: 5/5
   436 | D:1      | Reached XP level 2. HP: 20/20 MP: 3/7
   939 | D:2      | Learned a level 2 spell: Searing Ray
   999 | D:2      | Reached skill level 4 in Conjurations
  1301 | D:2      | Reached XP level 3. HP: 26/26 MP: 1/9
  3320 | D:3      | Reached XP level 4. HP: 33/33 MP: 9/11
  3696 | D:3      | Noticed Grinder
  3700 | D:3      | Paralysed by Grinder for 3 turns
  3707 | D:3      | Killed from afar by Grinder

Illustrated notes

Levels and vault maps discovered:
D:1:      minmay_arrival_semitransparent, layout_basic
D:2:      layout_basic, basic_altar, nicolae_hexahallways
D:3:      layout_basic, shapermc_ecumenical_altar_mp_vishouse,
          kennysheep_crisscross, st_stairs_14, minmay_close_crescents,
          uniq_terence, uniq_grinder

Skill      XL: |  1  2  3  4 |
---------------+-------------+-----
Spellcasting   | 2 3 |  3.0
Conjurations   | 4 |  4.5
Dodging        | |  1.7
Stealth        | |  1.7

Action                     |  1- 3 |  4- 6 || total
---------------------------+-------+-------++-------
   Cast: Magic Dart        |    95 |    13 ||   108
         Searing Ray       |       |     2 ||     2
 Armour: Robe              |     5 |       ||     5
  Dodge: Dodged            |    19 |       ||    19
